[Event "Late-Titled-Tuesday-Blitz-May-07-2024"]
[Site "Chess.com"]
[Date "2024.05.07"]
[Round "4"]
[White "dolynachess"]
[Black "hsd2016"]
[Result "1-0"]
[WhiteElo "2532"]
[BlackElo "2342"]
[TimeControl "180+1"]
[EndTime "14:39:18 PDT"]
[Termination "dolynachess won by resignation"]

1. d4 d5 2. c4 c6 3. Nf3 Nf6 4. g3 dxc4 5. Bg2 b5 6. O-O Bb7 7. Nc3 a6 8. e4 e6 9. e5 Nd5 10. Ng5 Nxc3 11. bxc3 Be7 12. Qh5 g6 13. Qh6 Bf8 14.
Qh3 Nd7 15. a4 h6 16. Ne4 Be7 17. Ba3 Bxa3 18. Rxa3 Kf8 19. Nd6 Rb8 20. axb5 axb5 21.
Nxb7 Rxb7 22. Bxc6 Rb8 23. Rb1 Kg7 24. Rxb5 Rxb5 25.
Bxb5 Nb6 26. Bc6 Qe7 27. Ra6 Qc7 28. Be4 Nd7 29. Rc6 Qa5 30. Rxc4 Qa1+ 31. Qf1 Qb2 32. Rc7 Nb6 33. Qd3 Qc1+ 34. Kg2 Nd5 35. Bxd5 exd5 36. Qf3 Rf8 37. Qf6+ Kg8 38. e6 Qg5 39. exf7+ Kh7 40.
Qxg5 hxg5 41. Rd7 Kg7 42. Rxd5 Rxf7 43. Rc5 Rd7 44. h3 Kf6 45. d5 Rb7 46. c4 Ke5 47. Rc6 Rb2 48. d6 Ke6 49. c5 Rc2 50. Rc7 Rd2 51.
d7 Rxd7 52. Rxd7 Kxd7 53. Kf3 Kc6 54. Kg4 Kxc5 55. Kxg5 1-0

[Event "Late-Titled-Tuesday-Blitz-May-07-2024"]
[Site "Chess.com"]
[Date "2024.05.07"]
[Round "4"]
[White "sergiochess83"]
[Black "FairChess_on_YouTube"]
[Result "1-0"]
[WhiteElo "2898"]
[BlackElo "3070"]
[TimeControl "180+1"]
[EndTime "14:39:19 PDT"]
[Termination "sergiochess83 won by resignation"]

1. d4 Nf6 2. c4 d6 3. Nf3 g6 4.
Nc3 Bg7 5. e4 O-O 6. Be2 e5 7. O-O h6 8. Rb1 Qe8 9. Re1 Bg4 10. d5 a5 11. Nd2 Bd7 12. b3 Nh7 13. a3 f5 14. b4 axb4 15. axb4 f4 16. c5 Qe7 17. Nc4 Kh8 18. cxd6 cxd6 19. Nb6 Ra7 20. Bd2 Be8 21. Nc8 Qh4 22. Nxa7 Ng5 23. f3 Bd7 24. Kh1 Bf6 25. Nab5 Bd8 26. Rf1 Bb6 27. Be1 Qh5 28.
Bf2 Bxf2 29. Rxf2 Nf7 30. Rc1 g5 31. Nc7 Qh4 32. Rf1 g4 33. fxg4 Rg8 34. Ne6 h5 35. Qe1 Qf6 36. gxh5 Ng5 37. Nxg5 Qxg5 38. Bf3 Bg4 39.
Bxg4 Qxg4 40. Qe2 Qh4 41. Rf3 Nd7 42. Rg1 Nf6 43. g3 Qg5 44. Qf1 Ng4 45. gxf4 Qh4 46. Rxg4 Qxg4 47. fxe5 dxe5 48. Rg3 Qxh5 49. Qf6+ Kh7 50. Qf5+ Qxf5 51. exf5 Rc8 52. d6 Rc4 53. Rd3 e4 54. d7 exd3 55. d8=Q Rxc3 56. Qe7+ Kg8 57.
Qe8+ Kg7 58. Qg6+ Kf8 59. Qf6+ 1-0

[Event "Late-Titled-Tuesday-Blitz-May-07-2024"]
[Site "Chess.com"]
[Date "2024.05.07"]
[Round "4"]
[White "StellarChess"]
[Black "Polish_fighter3000"]
[Result "0-1"]
[WhiteElo "2623"]
[BlackElo "3115"]
[TimeControl "180+1"]
[EndTime "14:39:19 PDT"]
[Termination "Polish_fighter3000 won by checkmate"]

1. d4 Nf6 2. Bg5 Nc6 3. Bxf6 gxf6 4. e3 h5 5. h4 f5 6. g3 e6 7. Bg2 Ne7 8. Bf3 c5 9. c3 Qb6 10. Qd2 Ng8 11. Ne2 Nf6 12. a4 a6 13. Na3 cxd4 14.
exd4 Bh6 15. Nf4 d6 16. Nc4 Qc7 17. Qe2 Bxf4 18. gxf4 a5 19. Na3 Bd7 20. Nb5 Bxb5 21. axb5 Ke7 22. Rg1 d5 23. Qe5 Qb6 24. Be2 Rhg8 25.
O-O-O Ne4 26. Rg7 Nxf2 27. Rdg1 Ng4 28. Bxg4 hxg4 29. h5 Rxg7 30. Qxg7 Qc7 31. Rf1 a4 32. Kd2 a3 33. b3 a2 34. Ra1 Qxf4+ 35. Kd3 Qg3+ 36.
Kd2 Qh2+ 37. Kd3 Qxh5 38. Qe5 Qh3+ 39. Kd2 Qg2+ 40. Kd3 Qe4+ 41. Qxe4 fxe4+ 42. Ke3 f5 43. c4 Ra3 44. Kf4 Kf6 45. c5 Rxb3 46. Rf1 a1=Q 47.
Rxa1 Rf3# 0-1

[Event "Late-Titled-Tuesday-Blitz-May-07-2024"]
[Site "Chess.com"]
[Date "2024.05.07"]
[Round "4"]
[White "Felix-Rose"]
[Black "ahmedkandiliii"]
[Result "0-1"]
[WhiteElo "2233"]
[BlackElo "2648"]
[TimeControl "180+1"]
[EndTime "14:39:19 PDT"]
[Termination "ahmedkandiliii won by checkmate"]

1. e4 e5 2. Nf3 Nc6 3. Bb5 a6 4. Ba4 Nf6 5. O-O Nxe4 6. d4 exd4 7.
Re1 d5 8. Nxd4 Bd6 9. Nxc6 Bxh2+ 10. Kf1 Qh4 11. Rxe4+ dxe4 12. Qd8+ Qxd8 13. Nxd8+ Kxd8 14.
Nc3 Bf5 15. Bb3 f6 16. Be3 Bd6 17. Bd5 c6 18. Bxe4 Bxe4 19. Nxe4 Kc7 20. a4 Rhe8 21. Nxd6 Kxd6 22. Rd1+ Kc7 23. a5 c5 24. Bxc5 Kc6 25. Bb6 Re6 26. Rd3 Rae8 27. Rc3+ Kd6 28. g3 Ke5 29.
Rc5+ Kd6 30. b4 Re1+ 31. Kg2 Ke6 32. Rc7 Re7 33. Rc4 Kf7 34. Rc8 Rc1 35. c4 Kg6 36.
Kh3 Re4 37. c5 Rxb4 38. Rc7 h5 39. Rxb7 Rxc5 40. Ra7 Rc1 41. Rxa6 Rbb1 42. Ra8 Ra1 43. Be3 Rd1 44. a6 Kf5 45. a7 g5 46. Kg2 g4 47.
Rh8 Rg1+ 48. Kh2 Rh1+ 49. Kg2 Rag1# 0-1

[Event "Late-Titled-Tuesday-Blitz-May-07-2024"]
[Site "Chess.com"]
[Date "2024.05.07"]
[Round "4"]
[White "schondeln"]
[Black "HaryKane"]
[Result "0-1"]
[WhiteElo "2365"]
[BlackElo "2539"]
[TimeControl "180+1"]
[EndTime "14:39:19 PDT"]
[Termination "HaryKane won on time"]

1. e4 d6 2. d4 g6 3. Nc3 Bg7 4.
Be3 Nf6 5. Qd2 Ng4 6. Bg5 h6 7. Bh4 g5 8. Bg3 Nc6 9. Nge2 Nf6 10. f3 e6 11. h4 g4 12. O-O-O Qe7 13. Kb1 Bd7 14. d5 Ne5 15. Nd4 a6 16. f4 Ng6 17. h5 Nf8 18. dxe6 fxe6 19. e5 dxe5 20. fxe5 N6h7 21. Be2 O-O-O 22. Qe3 Be8 23. Bxg4 Ng5 24. Bf4 Bd7 25. Ne4 Nfh7 26. Rhe1 Rhf8 27. g3 Kb8 28. a3 Bc8 29. Nxg5 hxg5 30. Qe4 gxf4 31. Qxh7 fxg3 32.
h6 Bf6 33. Qg6 Bxe5 34. Rxe5 g2 35. Be2 Rxd4 36. Rxd4 Rf1+ 37. Bxf1 gxf1=Q+ 38. Ka2 Qf2 39. Rc4 Qff6 40. Qxf6 Qxf6 41. Rh5 Qh8 42. h7 e5 43. Rg4 Bxg4 44. Rh4 Be6+ 0-1

[Event "Late-Titled-Tuesday-Blitz-May-07-2024"]
[Site "Chess.com"]
[Date "2024.05.07"]
[Round "4"]
[White "MikeSailer"]
[Black "szachmistrz2500"]
[Result "0-1"]
[WhiteElo "2131"]
[BlackElo "2471"]
[TimeControl "180+1"]
[EndTime "14:39:20 PDT"]
[Termination "szachmistrz2500 won on time"]

1. d4 Nf6 2. Nf3 d5 3. Bf4 c5 4. e3 Qb6 5. Nc3 a6 6. Rb1 Nc6 7. Be2 Bf5 8. h3 e6 9. O-O cxd4 10. exd4 Be7 11. Bd3 Bxd3 12. Qxd3 O-O 13. a3 Rac8 14.
Ne2 Na5 15. c3 Nc4 16. Qc2 Ne4 17. Ne5 Nxe5 18. Bxe5 Bd6 19. Bxd6 Qxd6 20. Qd3 b5 21. f3 Nf6 22. Qe3 Rc7 23. Nc1 a5 24. Nd3 Nd7 25. f4 Nb6 26. f5 Nc4 27. Qf2 e5 28. Nxe5 Nxe5 29. dxe5 Qxe5 30. f6 Qxf6 31. Qxf6 gxf6 32.
Rxf6 Rd8 33. Rd1 Rc4 34. Ra6 b4 35. Rxa5 bxc3 36. bxc3 Rxc3 37. Rdxd5 Rxd5 38. Rxd5 Rxa3 39. Rd6 Kg7 40. Rc6 f6 41. Rb6 Kg6 42. Rb7 h5 43.
Kf2 Rc3 44. Rb6 h4 45. Rb5 f5 46. Rb4 Kg5 47. Rb8 Rc2+ 48. Kf3 Rc3+ 49. Kf2 Ra3 50.
Rg8+ Kf4 51. Rh8 Ra2+ 52. Kg1 Kg3 53. Rg8+ Kf4 54. Kh2 Ke3 55. Rh8 f4 56. Rxh4 f3 57. Rg4 f2 58. Rg3+ Ke2 59. Rf3 f1=Q 60. Rxf1 Kxf1 61.
h4 Kf2 62. Kh3 Ra4 63. h5 Rb4 64. g4 Kf3 65. Kh4 Rxg4+ 0-1

[Event "Late-Titled-Tuesday-Blitz-May-07-2024"]
[Site "Chess.com"]
[Date "2024.05.07"]
[Round "4"]
[White "IraZyne"]
[Black "protectiago"]
[Result "0-1"]
[WhiteElo "2311"]
[BlackElo "2063"]
[TimeControl "180+1"]
[EndTime "14:39:20 PDT"]
[Termination "protectiago won on time"]

1. e4 e5 2. Bc4 Nc6 3. Nf3 Bc5 4. O-O Nf6 5. d3 d6 6. c3 Bb6 7. Nbd2 Qe7 8. a4 a6 9. b4 Be6 10. a5 Ba7 11. Bb3 Nd8 12. Nc4 h6 13. Be3 O-O 14.
Bxa7 Rxa7 15. h3 Nh7 16. Ne3 Bxb3 17. Qxb3 Ne6 18. Nf5 Qf6 19. Rad1 Nf4 20. Rfe1 Ng5 21. Nh2 Kh7 22. Ng4 Qd8 23. d4 exd4 24. Rxd4 Nge6 25. Rd2 h5 26. Nge3 g6 27. Ng3 h4 28. Ngf1 Qg5 29.
Kh2 Raa8 30. Qd1 Qe5 31. g3 hxg3+ 32. fxg3 Nh5 33. Nd5 Kg7 34. Qg4 Nf6 35. Nxf6 Qxf6 36. Kg2 Rh8 37. Qf3 Qe5 38. Rd5 Ng5 39. Qf4 Qxf4 40.
gxf4 Nxh3 41. Kg3 f6 42. Ne3 g5 0-1

[Event "Late-Titled-Tuesday-Blitz-May-07-2024"]
[Site "Chess.com"]
[Date "2024.05.07"]
[Round "4"]
[White "KaydenTroffChess"]
[Black "Annawel"]
[Result "1-0"]
[WhiteElo "2875"]
[BlackElo "2999"]
[TimeControl "180+1"]
[EndTime "14:39:21 PDT"]
[Termination "KaydenTroffChess won by resignation"]

1. d4 Nf6 2. Nf3 e6 3. Bf4 d5 4. e3 c5 5. Nc3 Bd6 6. dxc5 Bxc5 7. Nb5 Na6 8. Ne5 O-O 9. c3 Ne4 10. Bd3 f6 11. Nf3 e5 12. Bg3 Be6 13. Nd2 Qb6 14.
a4 Rad8 15. Qc2 Bxe3 16. fxe3 Qxe3+ 17. Be2 Nxg3 18. hxg3 Qxg3+ 19. Kf1 f5 20. Qd3 Qxd3 21. Bxd3 Nc5 22. Bc2 a6 23. Na3 d4 24. cxd4 Rxd4 25.
Nf3 Rb4 26. Nxe5 Rxb2 27. Nd3 Rxc2 28. Nxc2 Nxd3 29. Ke2 Nc5 30. a5 Bc4+ 31. Kf2 Ne4+ 32. Kf3 Bd5 33. Nb4 Be6 34. Rhd1 Kf7 35. Rac1 Kf6 36. Rc7 Rf7 37. Rxf7+ Kxf7 38. Rc1 Nd2+ 39. Ke3 Nc4+ 40. Kd4 Nxa5 41. Rc7+ Kf6 42. Nd3 Nc6+ 43. Kc5 Ne7 44. Nf4 g5 45. Nh5+ Kg6 46. Rxe7 Bb3 47. Ng3 h5 48. Rxb7 Bd1 49. Rb6+ Kg7 50. Nxf5+ Kf7 51. Kd4 h4 52. Ke5 a5 53. Rf6+ Ke8 54. Kd6 Bb3 55. Ng7+ 1-0

[Event "Late-Titled-Tuesday-Blitz-May-07-2024"]
[Site "Chess.com"]
[Date "2024.05.07"]
[Round "4"]
[White "HalfIsCrayfish"]
[Black "Mops_2004"]
[Result "0-1"]
[WhiteElo "2585"]
[BlackElo "2808"]
[TimeControl "180+1"]
[EndTime "14:39:22 PDT"]
[Termination "Mops_2004 won by resignation"]

1. e4 c5 2. Nc3 Nc6 3. Bb5 Nd4 4. Nf3 e6 5. O-O a6 6. Bd3 Nc6 7. b3 g6 8. Bb2 Bg7 9. Re1 d6 10. Na4 Bxb2 11. Nxb2 e5 12. c3 Nf6 13. Bc2 O-O 14.
d4 cxd4 15. cxd4 Bg4 16. dxe5 Nxe5 17. Re3 Bxf3 18. Rxf3 Nxf3+ 19. Qxf3 Rc8 20. Bd3 Nd7 21. Rd1 Qf6 22. Qxf6 Nxf6 23. Nc4 Rfd8 24. f3 d5 25. Nb6 Rc6 26. Nxd5 Nxd5 27. Bc4 Kg7 28. a4 Rd7 29. Rxd5 Rxd5 30. Bxd5 Rc7 31. Kf2 b6 32. f4 Rc3 33.
Bc4 a5 34. h4 h6 35. g3 f6 36. Bd5 g5 37. Kg2 g4 38. h5 Kf8 39. Be6 Ke7 40. Bd5 Rc2+ 41. Kg1 Rb2 42. Bc4 Kd6 43.
Bg8 Kc5 44. e5 fxe5 45. fxe5 Re2 46. e6 Kd6 47. Kf1 Re3 48. Kf2 Rf3+ 49. Ke2 Rxg3 50. Bf7 Rxb3 51. e7 Rb2+ 0-1

[Event "Late-Titled-Tuesday-Blitz-May-07-2024"]
[Site "Chess.com"]
[Date "2024.05.07"]
[Round "4"]
[White "jaramsdal"]
[Black "djano"]
[Result "1-0"]
[WhiteElo "2397"]
[BlackElo "2533"]
[TimeControl "180+1"]
[EndTime "14:39:24 PDT"]
[Termination "jaramsdal won by checkmate"]

1. e4 c5 2. a3 e5 3. b4 Nf6 4. d3 d5 5. exd5 Nxd5 6. b5 Bd6 7. Be2 O-O 8. Bf3 Nf4 9. g3 Ne6 10. Nc3 Nd4 11. Bg2 a6 12. bxa6 Rxa6 13. Nge2 Bg4 14. O-O Qd7 15. Qd2 Nf3+ 16. Bxf3 Bxf3 17. Qe3 Qg4 18. h3 Qh5 19. Kh2 Bg4 20. Ng1 h6 21.
Ne4 Be7 22. f3 Bc8 23. g4 Qg6 24. Nxc5 Rc6 25. Ne4 Rxc2+ 26. Rf2 Rc6 27. Bb2 Nd7 28. Ne2 Bh4 29. Rg2 Nb6 30. Bxe5 Nd5 31. Qd4 Be6 32. Bg3 Bd8 33. Nf4 Nxf4 34. Bxf4 Bb6 35. Qb2 Rd8 36. h4 Bd4 37. Qxb7 Bd5 38. Rb1 Rc2 39. Qb4 Rxg2+ 40. Kxg2 Ba7 41. h5 Qe6 42. Qa5 Qe8 43. g5 hxg5 44. Nxg5 Qe2+ 45. Kh3 Re8 46. Qxa7 Qxd3 47.
Rb8 Qf5+ 48. Kg3 Qd3 49. Rxe8# 1-0

[Event "Late-Titled-Tuesday-Blitz-May-07-2024"]
[Site "Chess.com"]
[Date "2024.05.07"]
[Round "4"]
[White "maracayo"]
[Black "ChadBiryani"]
[Result "0-1"]
[WhiteElo "2366"]
[BlackElo "2538"]
[TimeControl "180+1"]
[EndTime "14:39:24 PDT"]
[Termination "ChadBiryani won on time"]

1. e4 c5 2. Nf3 d6 3. d3 g6 4. Nbd2 Bg7 5. Be2 Nc6 6. O-O e6 7. h3 Nge7 8. c3 O-O 9. Re1 b5 10. Bf1 a5 11. a4 b4 12. Qc2 Rb8 13. Nc4 d5 14. exd5 exd5 15. Nce5 Bf5 16. Bf4 Rb7 17.
Rad1 Qb6 18. g4 Bc8 19. d4 c4 20. Nxc6 Nxc6 21. Ne5 Nxe5 22. Bxe5 bxc3 23. bxc3 Qb3 24.
Qd2 Qxa4 25. Ra1 Qb5 26. Bd6 Rd8 27. Bc5 Be6 28. Qg5 Ra8 29. Bg2 Qd7 30. Re2 a4 31.
Rea2 Rb3 32. Qe3 h6 33. Bf3 Re8 34. Qd2 h5 35. Rxa4 hxg4 36. Ra7 Rb7 37. Rxb7 Qxb7 38. hxg4 Qd7 39. Qf4 Rb8 40. Ra7 Qb5 41. Rc7 Qb1+ 42. Kg2 Qd3 43. Bb4 Ra8 44. Rb7 Ra1 45. Rb5 Qf1+ 46.
Kg3 Kh7 47. Bg2 Qd3+ 48. Qf3 Qd2 49. Rb8 Bh6 0-1

[Event "Late-Titled-Tuesday-Blitz-May-07-2024"]
[Site "Chess.com"]
[Date "2024.05.07"]
[Round "4"]
[White "ubdip"]
[Black "brouetoscope"]
[Result "0-1"]
[WhiteElo "2508"]
[BlackElo "2332"]
[TimeControl "180+1"]
[EndTime "14:39:24 PDT"]
[Termination "brouetoscope won on time"]

1. c4 e5 2. Nc3 Nf6 3. e3 Bb4 4. Qc2 Bxc3 5. Qxc3 Nc6 6. Nf3 d6 7. d4 Qe7 8. d5 Nb8 9. h3 O-O 10. Nd2 a5 11. a3 a4 12. Qc2 Nfd7 13. Bd3 g6 14.
O-O Nc5 15. Kh2 f5 16. e4 f4 17. Be2 Nbd7 18. Bf3 b6 19. Nb1 Nf6 20. Nc3 h5 21.
Qe2 Rf7 22. Bd2 Rh7 23. g3 g5 24. Bg2 Bd7 25. Rae1 Kh8 26. Kg1 Rg8 27. Qd1 Nd3 28.
Nxa4 Nxe1 29. Rxe1 g4 30. h4 f3 31. Bf1 Ra8 32.
Nc3 Be8 33. Bd3 Nd7 34. Bg5 Qg7 35. Bc2 Qg6 36. Qc1 Rf7 37. b4 Kh7 38. Qb2 Nb8 39. a4 Bd7 40. Ra1 Qg8 41. a5 Qc8 0-1

[Event "Late-Titled-Tuesday-Blitz-May-07-2024"]
[Site "Chess.com"]
[Date "2024.05.07"]
[Round "4"]
[White "betta2004"]
[Black "GMthekingindian"]
[Result "0-1"]
[WhiteElo "2477"]
[BlackElo "2271"]
[TimeControl "180+1"]
[EndTime "14:39:25 PDT"]
[Termination "GMthekingindian won by checkmate"]

1. d4 d5 2. c4 e6 3. Nc3 Nf6 4.
Bg5 Be7 5. Nf3 O-O 6. e3 Nbd7 7. Bd3 h6 8. Bh4 dxc4 9. Bxc4 a6 10. O-O c5 11. a4 cxd4 12. exd4 Nb6 13. Bd3 Nbd5 14. Ne5 Nd7 15. Bxe7 Nxe7 16. Qf3 Nf6 17. Rfd1 Ned5 18. Rac1 Bd7 19. Bc2 Rc8 20. Ne4 Bc6 21. Nc5 Nb4 22. Nxc6 Nxc6 23. Qd3 Nb4 24. Qf3 Nxc2 25. Rxc2 b6 26.
Nb7 Qe7 27. Rdc1 Rxc2 28. Rxc2 Nd5 29. a5 Qxb7 30. axb6 Qxb6 31. h4 Qb4 32. g3 Qe1+ 33. Kg2 Qb4 34. Qd3 Qb5 35. Qd2 Rb8 36. Rc5 Qb7 37.
Qc2 Ne3+ 38. Kg1 Nxc2 39. d5 Qxb2 40. Rc7 Qc1+ 41. Kg2 Qd2 42. d6 Qxd6 43. Rxc2 Qd5+ 44. Kf1 Rb1+ 45. Ke2 Qe4+ 46. Kd2 Rf1 47. Rc8+ Kh7 48. Rc3 Rxf2+ 49. Kc1 Qe1# 0-1

[Event "Late-Titled-Tuesday-Blitz-May-07-2024"]
[Site "Chess.com"]
[Date "2024.05.07"]
[Round "4"]
[White "Kirill_Klukin"]
[Black "rynos0411"]
[Result "1/2-1/2"]
[WhiteElo "2822"]
[BlackElo "2539"]
[TimeControl "180+1"]
[EndTime "14:39:26 PDT"]
[Termination "Game drawn by repetition"]

1. c4 c6 2. Nf3 d5 3. e3 Bf5 4. Nc3 e6 5. d4 Nf6 6. Nh4 Bg6 7.
Be2 Nbd7 8. O-O Bd6 9. f4 Ne4 10. Nxg6 Nxc3 11. bxc3 hxg6 12. cxd5 exd5 13. c4 Qh4 14. h3 Nf6 15. cxd5 Nxd5 16. Bf3 O-O 17. Qb3 Nb6 18. a4 Rab8 19. Bd2 g5 20. Be1 Qh6 21.
f5 Rfe8 22. e4 Bf4 23. g3 Bc7 24. Kg2 Nd7 25. e5 c5 26. e6 fxe6 27. fxe6 Nf6 28. dxc5 Qg6 29. Rd1 Re7 30. Qd3 Qxd3 31. Rxd3 Rxe6 32.
Bc3 Be5 33. Bd2 Rc8 34. Bxg5 Rxc5 35. Bxb7 Rb6 36. Bf3 Ra5 37. Bd1 Rb2+ 38. Rd2 Rb4 39. Rd8+ Kf7 40. Bd2 Rb2 41. Kh1 Rc5 42. Bg5 Kg6 43.
Bxf6 Bxf6 44. Rd3 Rc1 45. Be2 Rxf1+ 46. Bxf1 Rb1 47. Rf3 Ra1 48. Rf4 Be5 49. Rg4+ Kf5 50. Kg2 Ra2+ 51. Kf3 Ra3+ 52. Ke2 Rxg3 53. Rxg3 Bxg3 54.
Bg2 Bc7 55. Bf3 g5 56. Bg4+ Kf4 57. Kd3 Bb6 58. Kc4 a5 59. Kb5 Bd8 60. Kc6 Ke5 61. Kb5 Kf4 62. Kc4 Ke5 63. Kb3 Kf4 64. Kc4 Bf6 65. Kb5 Bc3 66. Kc4 Bb4 67. Kb5 Bc3 68.
Kc4 Bb4 69. Kb5 Bc3 1/2-1/2

[Event "Late-Titled-Tuesday-Blitz-May-07-2024"]
[Site "Chess.com"]
[Date "2024.05.07"]
[Round "4"]
[White "KNVB"]
[Black "karinachess1"]
[Result "1-0"]
[WhiteElo "2805"]
[BlackElo "2585"]
[TimeControl "180+1"]
[EndTime "14:39:27 PDT"]
[Termination "KNVB won by resignation"]

1. a4 e5 2. Ra3 Bxa3 3. Nxa3 Nf6 4. b3 Nc6 5. Bb2 d5 6. e3 O-O 7. Qa1 Re8 8. Ne2 Qe7 9. f3 Be6 10. Ng3 d4 11. Bb5 dxe3 12. dxe3 Qc5 13. Kf2 Nd7 14. Ne4 Qe7 15. Nc4 f6 16. Bxc6 bxc6 17. Ba3 Qf7 18.
Na5 Bd5 19. Nc5 Nxc5 20. Bxc5 e4 21. f4 Red8 22. Rd1 Qe8 23. Bd4 Bf7 24. Qc3 Bd5 25. h3 a6 26. Qc5 Rd6 27. Re1 Bf7 28. Kg1 Rd5 29. Qc3 Rd6 30. Bc5 Re6 31. Bd4 Rd8 32. Nb7 Rd5 33. Nc5 Red6 34. Nxa6 Be6 35. Nxc7 Qd7 36. Nxd5 Rxd5 37. a5 Bxh3 38. gxh3 Qxh3 39. Qd2 Rh5 40. Qg2 Qh4 41. Ra1 Kf7 42. a6 g5 43.
f5 g4 44. a7 Rxf5 45. a8=Q Rf3 46. Ra7+ Kg6 47. Qg8+ Kh6 48. Qg7+ Kh5 49. Qxh7+ 1-0

[Event "Late-Titled-Tuesday-Blitz-May-07-2024"]
[Site "Chess.com"]
[Date "2024.05.07"]
[Round "4"]
[White "Maitreia"]
[Black "Caracal3000"]
[Result "1-0"]
[WhiteElo "2704"]
[BlackElo "2503"]
[TimeControl "180+1"]
[EndTime "14:39:27 PDT"]
[Termination "Maitreia won by checkmate"]

1. c4 e6 2. g3 d5 3. Nf3 Nf6 4. Bg2 Be7 5. O-O O-O 6. b3 b6 7. Bb2 Bb7 8. e3 Nbd7 9. Nc3 c5 10. Qe2 dxc4 11. bxc4 Ne4 12. Nxe4 Bxe4 13. d3 Bb7 14. a4 Bf6 15. a5 Bxb2 16. Qxb2 Qf6 17. Qxf6 Nxf6 18. Ne5 Bxg2 19. Kxg2 Rad8 20. Rfb1 Rd6 21.
axb6 axb6 22. Ra6 Rb8 23. Kf3 h6 24. Ra7 Nh7 25. Ke2 f6 26. Ng6 Rbd8 27. Rb3 Rb8 28. h4 Nf8 29. Nf4 Nd7 30. Nxe6 Ne5 31. Nxc5 Rbd8 32.
Nb7 R6d7 33. Nxd8 Rxa7 34. Rb2 Rd7 35. Ne6 Rxd3 36. Rxb6 Rc3 37. Rb7 Rc2+ 38. Kd1 Rxf2 39. Rxg7+ Kh8 40. Rc7 Rf3 41. Kd2 Rxg3 42. c5 Nc4+ 43. Kd3 Nxe3 44. Ke4 Ng4 45. Kf5 Rg1 46. Nf4 Ne3+ 47. Kxf6 Rf1 48. Rc8+ Kh7 49. Ke5 Re1 50. Rc7+ Kh8 51. Kf6 Ng2 52. Ng6+ Kg8 53. Rg7# 1-0

[Event "Late-Titled-Tuesday-Blitz-May-07-2024"]
[Site "Chess.com"]
[Date "2024.05.07"]
[Round "4"]
[White "NCchamp"]
[Black "MFatigue"]
[Result "1-0"]
[WhiteElo "2273"]
[BlackElo "2496"]
[TimeControl "180+1"]
[EndTime "14:39:27 PDT"]
[Termination "NCchamp won by resignation"]

1. d4 d5 2. c4 c6 3. cxd5 cxd5 4. Nc3 Nf6 5. Nf3 Nc6 6. Bf4 Nh5 7. Bg5 h6 8. Bh4 g5 9. Bg3 Nxg3 10. hxg3 g4 11. Ne5 Nxe5 12. dxe5 d4 13. Qa4+ Bd7 14. Qxd4 Qa5 15.
Rd1 Rd8 16. b4 Qb6 17. Nd5 Bc6 18. Nxb6 Rxd4 19. Rxd4 axb6 20. Rxg4 e6 21. e3 Be7 22. f3 h5 23. Rd4 Kf8 24. Kf2 Kg7 25. Bd3 Ra8 26. Ra1 Ra3 27. Be4 f6 28. Bxc6 bxc6 29. f4 fxe5 30. fxe5 Bg5 31. Re1 Rxa2+ 32. Re2 Ra4 33.
Rd6 Rxb4 34. Rxc6 Kf7 35. Kf3 Be7 36. Rc7 Ke8 37. Rd2 Rb3 38. Rc8+ Kf7 39. Rd7 Rb5 40. Rcc7 Rxe5 41. Rxe7+ Kf6 42. Rh7 Rf5+ 43. Ke2 Rg5 44. Kf2 b5 45. Rb7 Rc5 46. Rh6+ Kg5 47. Rxe6 Rc2+ 48.
Kf3 Rc5 49. Rg7+ Kf5 50. Rh6 Rc1 51. e4+ Ke5 52. Rg5+ Kd4 53. Rd6+ Kc3 54. Rc5+ Kb2 55. Rxc1 Kxc1 56. Rb6 1-0

[Event "Late-Titled-Tuesday-Blitz-May-07-2024"]
[Site "Chess.com"]
[Date "2024.05.07"]
[Round "4"]
[White "Bryanl106"]
[Black "Zampronha1971"]
[Result "1-0"]
[WhiteElo "2696"]
[BlackElo "2463"]
[TimeControl "180+1"]
[EndTime "14:39:29 PDT"]
[Termination "Bryanl106 won by resignation"]

1. e4 c5 2. Nf3 e6 3. d4 cxd4 4. Nxd4 Nc6 5. Nc3 Qc7 6. Be3 a6 7. Qf3 Nf6 8. Nxc6 bxc6 9. Qg3 Qxg3 10. hxg3 d5 11. O-O-O Bb4 12. exd5 cxd5 13. f3 Bb7 14.
g4 Bxc3 15. bxc3 Nd7 16. Bd4 O-O 17. Bd3 f5 18. gxf5 exf5 19. Rh5 g6 20. Rh6 Rae8 21. Rdh1 Re7 22. g4 fxg4 23. fxg4 Rfe8 24. Kd2 Nf8 25. g5 Re6 26. Bf6 Rb6 27. R1h4 Bc8 28. Rf4 Bf5 29. Bxf5 gxf5 30. Rxf5 Rb5 31. Rf1 Ra5 32.
Bd4 Rxa2 33. Rhf6 Rb2 34. Rf7 Ne6 35. Be3 Rf8 36. Rxf8+ Nxf8 37. Ra1 Ne6 38. Rxa6 Kf7 39. Ra7+ Kg6 40. Ra6 Kf5 41. Rd6 Rb5 42. Rd7 Nxg5 43.
Bxg5 Kxg5 44. Rxh7 Kf5 45. Kd3 Ke5 46. Rh5+ Kd6 47.
Kd4 Ra5 48. c4 Ra2 49. Rxd5+ Kc6 50. Kc3 Ra3+ 51. Kb4 Ra1 52. Rh5 Rc1 53. Rh2 Rg1 54.
Rh6+ Kc7 55. Kc5 Rg2 56. Rh7+ Kd8 57. Kc6 Rg3 58. Rh8+ Ke7 59. c5 Rc3 60. Kb6 Rxc2 61. c6 Rb2+ 62. Kc7 Rb1 63. Rh2 Rb3 64. Re2+ Kf7 65.
Re4 Rb1 66. Kd6 Rd1+ 67. Kc5 Rc1+ 68. Kd5 Rd1+ 69. Rd4 Rc1 70. Re4 Kf8 71. Kd6 Rd1+ 72.
Kc7 Kf7 73. Kb7 Re1 74. Rxe1 1-0

[Event "Late-Titled-Tuesday-Blitz-May-07-2024"]
[Site "Chess.com"]
[Date "2024.05.07"]
[Round "4"]
[White "Chess_Star1234"]
[Black "ritanovikova"]
[Result "1-0"]
[WhiteElo "2486"]
[BlackElo "2183"]
[TimeControl "180+1"]
[EndTime "14:39:31 PDT"]
[Termination "Chess_Star1234 won on time"]

1. d4 g6 2. c4 Bg7 3. e4 d6 4.
Ne2 Nc6 5. Nbc3 e5 6. d5 Nd4 7. Be3 Nxe2 8. Bxe2 f5 9. f3 Nf6 10. Qd2 O-O 11. h3 fxe4 12. fxe4 Nh5 13. O-O-O Ng3 14. Rhg1 Nxe2+ 15. Qxe2 a6 16. c5 Rb8 17. Kb1 b6 18. c6 b5 19. Rdf1 b4 20. Rxf8+ Qxf8 21. Rf1 Qe7 22. Nd1 a5 23. Nf2 Ra8 24. Ng4 Ba6 25. Qe1 Bxf1 26. Qxf1 h5 27. Nf2 Rf8 28. Qa6 Bf6 29. Qxa5 b3 30. axb3 Bg5 31. Qe1 Bxe3 32. Qxe3 Qf6 33. Nd3 Qf1+ 34. Kc2 Qxg2+ 35. Kc3 Rf3 36.
Qh6 Rxh3 37. Kc4 Qg3 38. Nb4 Qxb3+ 39. Kb5 Rh4 40. Qxg6+ Kf8 41. Qf6+ Kg8 42. Qxh4 Qd3+ 43. Nxd3 1-0

[Event "Late-Titled-Tuesday-Blitz-May-07-2024"]
[Site "Chess.com"]
[Date "2024.05.07"]
[Round "4"]
[White "DucksParadise"]
[Black "FMOlexandrProhorov"]
[Result "1-0"]
[WhiteElo "2568"]
[BlackElo "2306"]
[TimeControl "180+1"]
[EndTime "14:39:32 PDT"]
[Termination "DucksParadise won on time"]

1. a4 a5 2. Ra3 Na6 3. b3 e5 4.
Bb2 Bxa3 5. Nxa3 d6 6. e3 Nf6 7. g3 O-O 8. Bg2 c6 9. h3 Be6 10. Ne2 Rb8 11. O-O Qd7 12. Kh2 b5 13. axb5 cxb5 14.
f4 b4 15. Nc4 Bxc4 16. bxc4 Rfe8 17. fxe5 dxe5 18. Rxf6 gxf6 19. g4 a4 20. Ng3 a3 21.
Ba1 Rbd8 22. Bd5 Nc7 23. Nh5 Nxd5 24. cxd5 Qd6 25. e4 Kf8 26. Qf3 Ke7 27. d4 Rc8 28. Ng7 Rxc2+ 29. Kg3 Kd8 30. dxe5 Rxe5 31. Kh4 Qb6 32.
Bxe5 fxe5 33. Ne6+ fxe6 34. Qf8+ Kc7 35. Qf7+ Kb8 36.
dxe6 Rc8 37. e7 Qg6 38. Qd5 Qf6+ 39. Kh5 Qxe7 40. Qb5+ Qb7 41. Qxe5+ Rc7 42. Qe8+ Ka7 43. Qa4+ Qa6 44. Qxb4 a2 45. Qd4+ Kb7 46. Qd5+ Rc6 47.
Qb3+ Rb6 48. Qf7+ Kc6 49. Qd5+ Kc7 50. Qf7+ 1-0

[Event "Late-Titled-Tuesday-Blitz-May-07-2024"]
[Site "Chess.com"]
[Date "2024.05.07"]
[Round "4"]
[White "LuisFSiles"]
[Black "ChessSwole"]
[Result "0-1"]
[WhiteElo "2475"]
[BlackElo "2627"]
[TimeControl "180+1"]
[EndTime "14:39:33 PDT"]
[Termination "ChessSwole won on time"]

1. e4 c5 2. Nf3 e6 3. c3 d5 4. exd5 Qxd5 5. d4 Nf6 6. a3 Be7 7. Be3 O-O 8. dxc5 Qh5 9. b4 Rd8 10. Nbd2 Nd5 11. c4 Nxe3 12. fxe3 a5 13. Be2 Qh6 14. Kf2 Bf6 15. Rc1 Bb2 16. Rb1 Bxa3 17. bxa5 Bxc5 18. Qb3 Nc6 19. Ne4 Be7 20. Rhd1 Rf8 21.
Nd6 Bxd6 22. Rxd6 Rxa5 23. Rbd1 Qf6 24. Kg1 h6 25. Qb6 Ra2 26. Bf1 Rb2 27. Qc5 Qc3 28. R6d3 Qa5 29. Qxa5 Nxa5 30. Rd8 Nc6 31. R8d6 g6 32.
Nd4 Ne7 33. Nf3 Nc6 34. Nd4 Ne5 35. Nf3 Nxf3+ 36. gxf3 b6 37. Rd8 Bb7 38. Bg2 Rxd8 39. Rxd8+ Kg7 40. Rd7 Ba6 41. Rc7 Kf6 42. Bf1 Rb1 43.
Kf2 Rb2+ 44. Be2 Rc2 45. Ke1 g5 46. Kd1 Rb2 47. h3 h5 48. f4 gxf4 49. exf4 h4 50.
Bh5 Kf5 51. Rxf7+ Ke4 52. Bg6+ Ke3 53. f5 Bxc4 0-1